Toronto Maple Leafs vs Montreal Canadiens
Created - Saturday, February 8, 2025 at 08:05
Goals
|
| Toronto Maple Leafs |
1 |
1 |
0 |
2 |
| Montreal Canadiens |
0 |
0 |
0 |
0 |
|
Shots
|
| Toronto Maple Leafs |
10 |
13 |
10 |
33 |
| Montreal Canadiens |
7 |
10 |
7 |
24 |
|
1st period
1. Toronto Maple Leafs , Troy Terry 5 (Aaron Ekblad 3, Tomas Hertl 7) at 0:38 (PP)
Penalties :
Justin Faulk (MTL) for Interference (Minor) at 0:26, Brady Tkachuk (TOR) for Hooking (Minor) at 11:08
2nd period
2. Toronto Maple Leafs , Tomas Hertl 4 (Troy Terry 3) at 3:51
Penalties :
Teddy Blueger (MTL) for High sticking (Minor) at 9:48, Dougie Hamilton (TOR) for Interference (Minor) at 14:47
3rd period
No Goal
Penalties :
Brady Tkachuk (TOR) for Hooking (Minor) at 3:27, Sean Walker (TOR) for Hooking (Minor) at 6:41
Goalie Stats
Frederik Andersen (TOR), 24 saves from 24 shots - (1.000), W, 2-0-0, 60:00 minutes
David Rittich (MTL), 31 saves from 33 shots - (0.939), L, 1-2-2, 60:00 minutes
Players Stats for Toronto Maple Leafs
Player Name G A P +/- PIM S H SB GA TA FO MP PP MP PK MP
------------------------------------------------------------------------------------
Aaron Ekblad 0 1 1 1 0 2 2 1 0 2 0/0 22:33 1:15 3:54
Andrew Mangiapane 0 0 0 0 0 0 0 0 1 0 0/0 8:36 0:00 0:00
Brady Tkachuk 0 0 0 1 4 3 3 0 0 0 0/0 15:32 1:02 0:00
Brandon Saad 0 0 0 0 0 0 1 0 0 0 0/0 8:44 0:00 0:02
Cody Ceci 0 0 0 0 0 0 3 0 0 0 0/0 21:18 0:56 4:02
Dougie Hamilton 0 0 0 0 2 1 2 2 1 1 0/0 17:23 1:15 0:00
Mario Ferraro 0 0 0 0 0 1 0 1 0 1 0/0 19:42 0:00 4:02
Nick Bjugstad 0 0 0 0 0 0 2 0 0 0 0/4 18:52 1:09 3:54
Nicolas Roy 0 0 0 0 0 3 0 0 0 1 2/2 17:40 1:09 4:00
Nino Niederreiter 0 0 0 0 0 1 0 0 1 1 0/0 12:52 0:00 0:08
Quinton Byfield 0 0 0 0 0 1 2 0 0 0 1/1 14:51 1:09 0:00
Ryan Pulock 0 0 0 1 0 2 3 0 1 2 0/0 21:18 0:00 3:54
Sam Bennett 0 0 0 0 0 1 2 0 0 1 5/7 12:56 0:00 0:00
Scott Laughton 0 0 0 0 0 1 1 1 0 0 0/1 12:39 0:00 3:48
Sean Walker 0 0 0 0 2 4 0 0 0 0 0/0 17:48 0:56 0:00
Tomas Hertl 1 1 2 1 0 4 1 0 0 0 6/15 19:33 1:02 4:00
Troy Terry 1 1 2 1 0 5 0 0 0 0 1/2 15:33 1:02 0:00
Wyatt Johnston 0 0 0 0 0 4 1 0 0 0 7/16 14:10 0:00 0:00
Players Stats for Montreal Canadiens
Player Name G A P +/- PIM S H SB GA TA FO MP PP MP PK MP
------------------------------------------------------------------------------------
Adam Fox 0 0 0 0 0 1 1 1 0 1 0/0 24:52 3:53 0:57
Alex Iafallo 0 0 0 0 0 0 1 0 0 0 0/0 10:04 0:00 0:54
Alexandre Carrier 0 0 0 -1 0 1 0 2 0 0 0/0 16:06 0:00 1:14
Aliaksei Protas 0 0 0 0 0 0 0 0 0 0 1/1 12:41 0:01 1:17
Brady Skjei 0 0 0 0 0 1 2 2 0 0 0/0 19:02 4:03 0:00
Damon Severson 0 0 0 0 0 1 0 3 0 1 0/0 18:58 4:03 0:57
Dylan Larkin 0 0 0 -1 0 7 0 0 1 0 11/19 20:25 3:56 0:00
Ethen Frank 0 0 0 0 0 1 1 0 0 0 2/3 8:47 0:00 0:00
Evgeni Dadonov 0 0 0 0 0 2 2 1 1 0 1/1 12:11 0:10 0:00
Ilya Lyubushkin 0 0 0 -1 0 0 0 1 0 0 0/0 16:29 0:00 1:14
Jake Evans 0 0 0 0 0 0 2 1 0 0 4/12 13:39 0:00 0:54
Jonatan Berggren 0 0 0 0 0 1 0 0 1 0 0/0 12:32 3:53 0:00
Juraj Slafkovsky 0 0 0 0 0 2 2 1 1 2 0/1 17:00 3:56 0:00
Justin Faulk 0 0 0 0 2 0 1 2 0 0 0/0 24:32 3:53 0:00
Martin Necas 0 0 0 0 0 0 1 0 4 0 0/0 16:49 3:59 0:00
Patrik Laine 0 0 0 -1 0 2 1 1 0 0 3/4 21:42 3:59 1:05
Teddy Blueger 0 0 0 0 2 0 0 0 0 0 1/4 11:21 0:00 0:12
Vladimir Tarasenko 0 0 0 -1 0 5 1 0 1 0 3/3 20:37 3:54 0:00
3 Stars
1 - Frederik Andersen (TOR)
2 - Tomas Hertl (TOR)
3 - Troy Terry (TOR)
Power Play
Toronto Maple Leafs - 1 on 2 Attempt(s) - 50.00%
Montreal Canadiens - 0 on 4 Attempt(s) - 0.00%
Penalty Kill
Toronto Maple Leafs - 4 on 4 Attempt(s) - 100.00%
- Score 0 goal in Penalty Kill
Montreal Canadiens - 1 on 2 Attempt(s) - 50.00%
- Score 0 goal in Penalty Kill
Team Stat
Toronto Maple Leafs - Hits : 23 - Faceoff Wins : 22 - Blocked Shots : 5 - Penalty Minutes : 8
Montreal Canadiens - Hits : 15 - Faceoff Wins : 26 - Blocked Shots : 15 - Penalty Minutes : 4
Official
Referees : Kevin Pollock and Jean Hebert
Linesman : Andrew Smith and Ryan Galloway
Game Notes
No Game Note
Finance
Level 1 -- Attendance: 6000 (100.00%) -- Ticket Income $558,000
Level 2 -- Attendance: 4778 (95.56%) -- Ticket Income $253,234
Level 3 -- Attendance: 3000 (100.00%) -- Ticket Income $96,000
Level 4 -- Attendance: 4955 (99.10%) -- Ticket Income $109,010
Luxury Box -- Attendance: 794 (79.40%) -- Ticket Income $154,830
Game was played at the Bell Centre.
Total Attendance: 19527 (97.64%)
Total Ticket Income: $1,171,074
Other Income: $409,876
Total Income: $1,580,950
Toronto Maple Leafs
5 vs 5 Forward
Center Left Wing Right Wing Time % Phy DF OF
1 Tomas Hertl Brady Tkachuk Troy Terry 30 1 2 2
2 Wyatt Johnston Quinton Byfield Nick Bjugstad 30 1 2 2
3 Sam Bennett Nino Niederreiter Nicolas Roy 25 1 2 2
4 Scott Laughton Brandon Saad Andrew Mangiapane 15 1 2 2
5 vs 5 Defense
Defense Defense Time % Phy DF OF
1 Aaron Ekblad Ryan Pulock 35 1 2 2
2 Cody Ceci Mario Ferraro 35 1 2 2
3 Sean Walker Dougie Hamilton 30 1 2 2
4 Aaron Ekblad Ryan Pulock 0 1 2 2
PowerPlay Forward
Center Left Wing Right Wing Time % Phy DF OF
1 Tomas Hertl Brady Tkachuk Troy Terry 50 1 2 2
2 Nick Bjugstad Quinton Byfield Nicolas Roy 50 1 2 2
PowerPlay Defense
Defense Defense Time % Phy DF OF
1 Dougie Hamilton Aaron Ekblad 50 1 2 2
2 Sean Walker Cody Ceci 50 1 2 2
Penalty Kill 4 Players Forward
Center Wing Time % Phy DF OF
1 Nick Bjugstad Scott Laughton 50 1 2 2
2 Tomas Hertl Nicolas Roy 50 1 2 2
Penalty Kill 4 Players Defense
Defense Defense Time % Phy DF OF
1 Aaron Ekblad Ryan Pulock 50 1 2 2
2 Cody Ceci Mario Ferraro 50 1 2 2
Penalty Kill - 3 Players Forward
Forward Time % Phy DF OF
1 Tomas Hertl 50 1 2 2
2 Nick Bjugstad 50 1 2 2
Penalty Kill - 3 Players Defense
Defense Defense Time % Phy DF OF
1 Aaron Ekblad Ryan Pulock 50 1 2 2
2 Cody Ceci Mario Ferraro 50 1 2 2
4 vs 4 Forward
Center Wing Time % Phy DF OF
1 Tomas Hertl Brady Tkachuk 50 1 2 2
2 Nick Bjugstad Troy Terry 50 1 2 2
4 vs 4 Defense
Defense Defense Time % Phy DF OF
1 Aaron Ekblad Ryan Pulock 50 1 2 2
2 Cody Ceci Mario Ferraro 50 1 2 2
Last Minutes Offensive
Center Left Wing Right Wing Defense Defense
Tomas Hertl Brady Tkachuk Troy Terry Aaron Ekblad Ryan Pulock
Last Minutes Defensive
Center Left Wing Right Wing Defense Defense
Tomas Hertl Scott Laughton Troy Terry Aaron Ekblad Ryan Pulock
Goaltenders
Starting : Frederik Andersen
Backup : Cam Talbot
Extra Forwards
Normal : Wyatt Johnston, Sam Bennett, Nino Niederreiter - PP : Wyatt Johnston, Sam Bennett - PK : Nino Niederreiter
Extra Defensemen
Normal : Sean Walker, Dougie Hamilton, Cody Ceci - PP : Sean Walker - PK : Dougie Hamilton, Cody Ceci
Penalty Shots
Dougie Hamilton, Nick Bjugstad, Troy Terry, Quinton Byfield, Nicolas Roy
Scratches
Bowen Byram (Healthy), Kyle Okposo (Healthy), Warren Foegele (Healthy), Luke Schenn (Healthy), Pierre Engvall (Healthy)
Montreal Canadiens
5 vs 5 Forward
Center Left Wing Right Wing Time % Phy DF OF
1 Dylan Larkin Vladimir Tarasenko Patrik Laine 40 1 1 3
2 Jake Evans Juraj Slafkovsky Martin Necas 30 1 1 3
3 Teddy Blueger Aliaksei Protas Evgeni Dadonov 20 1 2 2
4 Ethen Frank Jonatan Berggren Alex Iafallo 10 1 2 2
5 vs 5 Defense
Defense Defense Time % Phy DF OF
1 Brady Skjei Justin Faulk 30 1 4 0
2 Adam Fox Damon Severson 30 1 4 0
3 Ilya Lyubushkin Alexandre Carrier 25 1 4 0
4 Justin Faulk Adam Fox 15 1 4 0
PowerPlay Forward
Center Left Wing Right Wing Time % Phy DF OF
1 Dylan Larkin Vladimir Tarasenko Juraj Slafkovsky 50 0 0 5
2 Patrik Laine Jonatan Berggren Martin Necas 50 0 0 5
PowerPlay Defense
Defense Defense Time % Phy DF OF
1 Justin Faulk Adam Fox 50 1 1 3
2 Brady Skjei Damon Severson 50 1 1 3
Penalty Kill 4 Players Forward
Center Wing Time % Phy DF OF
1 Teddy Blueger Aliaksei Protas 50 0 5 0
2 Jake Evans Alex Iafallo 50 0 5 0
Penalty Kill 4 Players Defense
Defense Defense Time % Phy DF OF
1 Ilya Lyubushkin Alexandre Carrier 50 1 3 1
2 Adam Fox Damon Severson 50 1 3 1
Penalty Kill - 3 Players Forward
Forward Time % Phy DF OF
1 Teddy Blueger 50 0 5 0
2 Jake Evans 50 0 5 0
Penalty Kill - 3 Players Defense
Defense Defense Time % Phy DF OF
1 Ilya Lyubushkin Alexandre Carrier 50 0 5 0
2 Adam Fox Damon Severson 50 0 5 0
4 vs 4 Forward
Center Wing Time % Phy DF OF
1 Dylan Larkin Vladimir Tarasenko 50 1 1 3
2 Martin Necas Juraj Slafkovsky 50 1 1 3
4 vs 4 Defense
Defense Defense Time % Phy DF OF
1 Justin Faulk Adam Fox 50 1 3 1
2 Brady Skjei Damon Severson 50 1 3 1
Last Minutes Offensive
Center Left Wing Right Wing Defense Defense
Dylan Larkin Vladimir Tarasenko Juraj Slafkovsky Justin Faulk Adam Fox
Last Minutes Defensive
Center Left Wing Right Wing Defense Defense
Teddy Blueger Aliaksei Protas Jake Evans Ilya Lyubushkin Alexandre Carrier
Goaltenders
Starting : David Rittich
Backup : Calle Clang
Extra Forwards
Normal : Dylan Larkin, Juraj Slafkovsky, Martin Necas - PP : Dylan Larkin, Juraj Slafkovsky - PK : Teddy Blueger
Extra Defensemen
Normal : Brady Skjei, Justin Faulk, Adam Fox - PP : Adam Fox - PK : Justin Faulk, Brady Skjei
Penalty Shots
Dylan Larkin, Vladimir Tarasenko, Martin Necas, Juraj Slafkovsky, Patrik Laine
Scratches
None
% Time on Ice - Toronto Maple Leafs
Lines # - Real PCT - Wanted PCT - Time Play
Normal Forward
1 - 30% - 30% - 15:04
2 - 27% - 30% - 13:42
3 - 25% - 25% - 12:31
4 - 17% - 15% - 8:36
Normal Defense
1 - 35% - 35% - 17:19
2 - 33% - 35% - 16:20
3 - 32% - 30% - 15:52
4 - 1% - 0% - 0:22
PP Forward
1 - 47% - 50% - 1:02
2 - 53% - 50% - 1:09
PP Defense
1 - 57% - 50% - 1:15
2 - 43% - 50% - 0:56
PK Forward
1 - 50% - 50% - 3:56
2 - 50% - 50% - 4:00
PK Defense
1 - 49% - 50% - 3:54
2 - 51% - 50% - 4:02
PK3 Forward
1 - 0% - 50%
2 - 0% - 50%
PK3 Defense
1 - 0% - 50%
2 - 0% - 50%
44 Forward
1 - 0% - 50%
2 - 0% - 50%
44 Defense
1 - 0% - 50%
2 - 0% - 50%
Last Minute Offensive - 0:00
Last Minute Defensive - 0:00
Total
Forward - 60:00
Defense - 60:00
|
% Time on Ice - Montreal Canadiens
Lines # - Real PCT - Wanted PCT - Time Play
Normal Forward
1 - 34% - 40% - 17:02
2 - 26% - 30% - 12:59
3 - 22% - 20% - 11:05
4 - 18% - 10% - 8:47
Normal Defense
1 - 32% - 30% - 16:11
2 - 28% - 30% - 13:58
3 - 29% - 25% - 14:36
4 - 10% - 15% - 5:08
PP Forward
1 - 50% - 50% - 3:57
2 - 50% - 50% - 3:59
PP Defense
1 - 49% - 50% - 3:53
2 - 51% - 50% - 4:03
PK Forward
1 - 59% - 50% - 1:17
2 - 41% - 50% - 0:54
PK Defense
1 - 56% - 50% - 1:14
2 - 44% - 50% - 0:57
PK3 Forward
1 - 0% - 50%
2 - 0% - 50%
PK3 Defense
1 - 0% - 50%
2 - 0% - 50%
44 Forward
1 - 0% - 50%
2 - 0% - 50%
44 Defense
1 - 0% - 50%
2 - 0% - 50%
Last Minute Offensive - 0:00
Last Minute Defensive - 0:00
Total
Forward - 60:00
Defense - 60:00
|
Play-by-Play
1st period
0:01 of 1st period - Dylan Larkin wins face-off versus Tomas Hertl in neutral zone.
0:16 of 1st period - Snap shot by Dylan Larkin.
0:16 of 1st period - Stopped by Frederik Andersen with a rebound.
0:26 of 1st period - Minor Penalty to Justin Faulk for Interference.
0:27 of 1st period - Tomas Hertl wins face-off versus Teddy Blueger in Montreal Canadiens zone.
0:34 of 1st period - Snap shot by Tomas Hertl.
0:34 of 1st period - Shot Blocked by Ilya Lyubushkin.
0:36 of 1st period - Slapshot by Aaron Ekblad.
0:36 of 1st period - Shot Misses the Net.
0:38 of 1st period - Snap shot by Troy Terry.
0:38 of 1st period - Goal by Troy Terry - Toronto Maple Leafs : 1 - Montreal Canadiens : 0.
0:39 of 1st period - Sam Bennett wins face-off versus Jake Evans in neutral zone.
1:57 of 1st period - Dylan Larkin is hit by Brady Tkachuk and loses puck.
3:09 of 1st period - Icing by Aaron Ekblad.
3:10 of 1st period - Vladimir Tarasenko wins face-off versus Tomas Hertl in Toronto Maple Leafs zone.
3:13 of 1st period - Snap shot by Patrik Laine.
3:13 of 1st period - Stopped by Frederik Andersen without a rebound.
3:14 of 1st period - Tomas Hertl wins face-off versus Dylan Larkin in Toronto Maple Leafs zone.
3:21 of 1st period - Snap shot by Tomas Hertl.
3:21 of 1st period - Stopped by David Rittich with a rebound.
3:23 of 1st period - Wrist shot by Tomas Hertl.
3:23 of 1st period - Shot Misses the Net.
3:25 of 1st period - Snap shot by Mario Ferraro.
3:25 of 1st period - Shot Misses the Net.
3:27 of 1st period - Backhand shot by Tomas Hertl.
3:27 of 1st period - Shot Misses the Net.
3:29 of 1st period - Slapshot by Mario Ferraro.
3:29 of 1st period - Stopped by David Rittich without a rebound.
3:30 of 1st period - Wyatt Johnston wins face-off versus Jake Evans in Montreal Canadiens zone.
3:39 of 1st period - Snap shot by Wyatt Johnston.
3:39 of 1st period - Stopped by David Rittich with a rebound.
3:45 of 1st period - Wrist shot by Wyatt Johnston.
3:45 of 1st period - Shot Misses the Net.
5:05 of 1st period - Snap shot by Dylan Larkin.
5:05 of 1st period - Deflect By Vladimir Tarasenko.
5:05 of 1st period - Stopped by Frederik Andersen with a rebound.
5:22 of 1st period - Ethen Frank is hit by Tomas Hertl and loses puck.
5:40 of 1st period - Alexandre Carrier is hit by Dougie Hamilton and loses puck.
6:04 of 1st period - Snap shot by Brady Tkachuk.
6:04 of 1st period - Deflect By Troy Terry.
6:04 of 1st period - Stopped by David Rittich with a rebound.
6:06 of 1st period - Snap shot by Troy Terry.
6:06 of 1st period - Shot Hit the Post.
6:22 of 1st period - Snap shot by Brady Tkachuk.
6:22 of 1st period - Stopped by David Rittich with a rebound.
6:26 of 1st period - Backhand shot by Brady Tkachuk.
6:26 of 1st period - Shot Blocked by Alexandre Carrier.
6:28 of 1st period - Slapshot by Sean Walker.
6:28 of 1st period - Deflect By Brady Tkachuk.
6:28 of 1st period - Shot Misses the Net.
6:28 of 1st period - Puck is out of play.
6:29 of 1st period - Dylan Larkin wins face-off versus Wyatt Johnston in Montreal Canadiens zone.
6:45 of 1st period - Off-side.
6:46 of 1st period - Sam Bennett wins face-off versus Jake Evans in neutral zone.
6:49 of 1st period - Snap shot by Nino Niederreiter.
6:49 of 1st period - Shot Blocked by Brady Skjei.
8:04 of 1st period - Snap shot by Nino Niederreiter.
8:04 of 1st period - Shot Misses the Net.
8:06 of 1st period - Slapshot by Sean Walker.
8:06 of 1st period - Deflect By Adam Fox.
8:06 of 1st period - Stopped by David Rittich with a rebound.
8:22 of 1st period - Snap shot by Vladimir Tarasenko.
8:22 of 1st period - Stopped by Frederik Andersen with a rebound.
8:24 of 1st period - Backhand shot by Dylan Larkin.
8:24 of 1st period - Deflect By Patrik Laine.
8:24 of 1st period - Shot Misses the Net.
8:24 of 1st period - Puck is out of play.
8:25 of 1st period - Aliaksei Protas wins face-off versus Scott Laughton in Toronto Maple Leafs zone.
8:32 of 1st period - Wrist shot by Aliaksei Protas.
8:32 of 1st period - Shot Misses the Net.
8:55 of 1st period - Slapshot by Dylan Larkin.
8:55 of 1st period - Stopped by Frederik Andersen without a rebound.
8:56 of 1st period - Dylan Larkin wins face-off versus Wyatt Johnston in Toronto Maple Leafs zone.
8:59 of 1st period - Wrist shot by Dylan Larkin.
8:59 of 1st period - Stopped by Frederik Andersen without a rebound.
9:00 of 1st period - Dylan Larkin wins face-off versus Wyatt Johnston in Toronto Maple Leafs zone.
9:31 of 1st period - Wrist shot by Martin Necas.
9:31 of 1st period - Shot Misses the Net.
9:33 of 1st period - Wrist shot by Damon Severson.
9:33 of 1st period - Stopped by Frederik Andersen without a rebound.
9:34 of 1st period - Wyatt Johnston wins face-off versus Jake Evans in Toronto Maple Leafs zone.
10:41 of 1st period - Snap shot by Scott Laughton.
10:41 of 1st period - Shot Blocked by Adam Fox.
11:08 of 1st period - Minor Penalty to Brady Tkachuk for Hooking.
11:09 of 1st period - Dylan Larkin wins face-off versus Nick Bjugstad in Toronto Maple Leafs zone.
11:35 of 1st period - Damon Severson is hit by Ryan Pulock and loses puck.
13:08 of 1st period - Penalty to Brady Tkachuk is over, Brady Tkachuk is back on ice.
14:28 of 1st period - Evgeni Dadonov is hit by Nick Bjugstad and loses puck.
14:44 of 1st period - Ryan Pulock is hit by Brady Skjei and loses puck.
15:13 of 1st period - Wrist shot by Troy Terry.
15:13 of 1st period - Stopped by David Rittich with a rebound.
15:15 of 1st period - Wrist shot by Tomas Hertl.
15:15 of 1st period - Shot Blocked by Alexandre Carrier.
15:58 of 1st period - Brandon Saad is hit by Martin Necas.
16:26 of 1st period - Jake Evans is hit by Nick Bjugstad and loses puck.
16:39 of 1st period - Patrik Laine is hit by Aaron Ekblad and loses puck.
16:56 of 1st period - Teddy Blueger is hit by Ryan Pulock and loses puck.
18:00 of 1st period - Aliaksei Protas is hit by Brandon Saad and loses puck.
18:15 of 1st period - Ethen Frank is hit by Aaron Ekblad and loses puck.
18:39 of 1st period - Snap shot by Nino Niederreiter.
18:39 of 1st period - Shot Misses the Net.
18:41 of 1st period - Snap shot by Sam Bennett.
18:41 of 1st period - Stopped by David Rittich with a rebound.
18:43 of 1st period - Snap shot by Nicolas Roy.
18:43 of 1st period - Stopped by David Rittich with a rebound.
19:04 of 1st period - Martin Necas is hit by Wyatt Johnston and loses puck.
19:55 of 1st period - Snap shot by Brady Tkachuk.
19:55 of 1st period - Shot Misses the Net.
Goals for this period are 1 for Toronto Maple Leafs vs 0 for Montreal Canadiens.
Shots for this period are 10 for Toronto Maple Leafs vs 7 for Montreal Canadiens.
2nd period
0:01 of 2nd period - Quinton Byfield wins face-off versus Dylan Larkin in neutral zone.
0:12 of 2nd period - Slapshot by Wyatt Johnston.
0:12 of 2nd period - Stopped by David Rittich with a rebound.
0:33 of 2nd period - Nicolas Roy is hit by Jake Evans and loses puck.
1:28 of 2nd period - Adam Fox is hit by Cody Ceci.
1:51 of 2nd period - Wrist shot by Nino Niederreiter.
1:51 of 2nd period - Shot Blocked by Damon Severson.
2:41 of 2nd period - Wrist shot by Dylan Larkin.
2:41 of 2nd period - Shot Blocked by Scott Laughton.
3:19 of 2nd period - Wrist shot by Sam Bennett.
3:19 of 2nd period - Shot Blocked by Patrik Laine.
3:21 of 2nd period - Slapshot by Nicolas Roy.
3:21 of 2nd period - Stopped by David Rittich without a rebound.
3:22 of 2nd period - Wyatt Johnston wins face-off versus Jake Evans in Montreal Canadiens zone.
3:51 of 2nd period - Wrist shot by Tomas Hertl.
3:51 of 2nd period - Goal by Tomas Hertl - Toronto Maple Leafs : 2 - Montreal Canadiens : 0.
3:52 of 2nd period - Vladimir Tarasenko wins face-off versus Sam Bennett in neutral zone.
4:03 of 2nd period - Slapshot by Vladimir Tarasenko.
4:03 of 2nd period - Stopped by Frederik Andersen with a rebound.
4:05 of 2nd period - Snap shot by Dylan Larkin.
4:05 of 2nd period - Stopped by Frederik Andersen with a rebound.
4:44 of 2nd period - Snap shot by Troy Terry.
4:44 of 2nd period - Stopped by David Rittich with a rebound.
4:46 of 2nd period - Slapshot by Brady Tkachuk.
4:46 of 2nd period - Deflect By Tomas Hertl.
4:46 of 2nd period - Stopped by David Rittich without a rebound.
4:47 of 2nd period - Dylan Larkin wins face-off versus Sam Bennett in Montreal Canadiens zone.
4:56 of 2nd period - Snap shot by Dylan Larkin.
4:56 of 2nd period - Shot Misses the Net.
5:14 of 2nd period - Juraj Slafkovsky is hit by Brady Tkachuk and loses puck.
5:35 of 2nd period - Aliaksei Protas is hit by Quinton Byfield and loses puck.
6:16 of 2nd period - Damon Severson is hit by Sam Bennett and loses puck.
6:35 of 2nd period - Wrist shot by Ryan Pulock.
6:35 of 2nd period - Stopped by David Rittich with a rebound.
6:37 of 2nd period - Snap shot by Tomas Hertl.
6:37 of 2nd period - Shot Misses the Net.
6:39 of 2nd period - Slapshot by Aaron Ekblad.
6:39 of 2nd period - Deflect By Adam Fox.
6:39 of 2nd period - Stopped by David Rittich without a rebound.
6:40 of 2nd period - Dylan Larkin wins face-off versus Wyatt Johnston in Montreal Canadiens zone.
7:49 of 2nd period - Aliaksei Protas is hit by Quinton Byfield and loses puck.
8:00 of 2nd period - Wrist shot by Wyatt Johnston.
8:00 of 2nd period - Stopped by David Rittich with a rebound.
8:02 of 2nd period - Snap shot by Quinton Byfield.
8:02 of 2nd period - Stopped by David Rittich without a rebound.
8:03 of 2nd period - Vladimir Tarasenko wins face-off versus Tomas Hertl in Montreal Canadiens zone.
8:18 of 2nd period - Wrist shot by Vladimir Tarasenko.
8:18 of 2nd period - Shot Misses the Net.
8:28 of 2nd period - Cody Ceci is hit by Juraj Slafkovsky and loses puck.
8:55 of 2nd period - Nino Niederreiter is hit by Ethen Frank and loses puck.
9:38 of 2nd period - Wrist shot by Brady Tkachuk.
9:38 of 2nd period - Stopped by David Rittich with a rebound.
9:40 of 2nd period - Slapshot by Aaron Ekblad.
9:40 of 2nd period - Stopped by David Rittich with a rebound.
9:48 of 2nd period - Minor Penalty to Teddy Blueger for High sticking.
9:49 of 2nd period - Jake Evans wins face-off versus Nick Bjugstad in Montreal Canadiens zone.
11:32 of 2nd period - Icing by Aaron Ekblad.
11:33 of 2nd period - Nicolas Roy wins face-off versus Jake Evans in Toronto Maple Leafs zone.
11:48 of 2nd period - Penalty to Teddy Blueger is over, Teddy Blueger is back on ice.
13:01 of 2nd period - Martin Necas is hit by Sam Bennett and loses puck.
13:14 of 2nd period - Snap shot by Vladimir Tarasenko.
13:14 of 2nd period - Shot Blocked by Dougie Hamilton.
13:34 of 2nd period - Alex Iafallo is hit by Scott Laughton and loses puck.
13:51 of 2nd period - Snap shot by Teddy Blueger.
13:51 of 2nd period - Shot Misses the Net.
13:56 of 2nd period - Icing by Mario Ferraro.
13:57 of 2nd period - Dylan Larkin wins face-off versus Wyatt Johnston in Toronto Maple Leafs zone.
14:13 of 2nd period - Wrist shot by Wyatt Johnston.
14:13 of 2nd period - Stopped by David Rittich without a rebound.
14:14 of 2nd period - Jake Evans wins face-off versus Tomas Hertl in Montreal Canadiens zone.
14:25 of 2nd period - Wrist shot by Juraj Slafkovsky.
14:25 of 2nd period - Stopped by Frederik Andersen without a rebound.
14:26 of 2nd period - Dylan Larkin wins face-off versus Wyatt Johnston in Toronto Maple Leafs zone.
14:33 of 2nd period - Snap shot by Dylan Larkin.
14:33 of 2nd period - Stopped by Frederik Andersen with a rebound.
14:47 of 2nd period - Minor Penalty to Dougie Hamilton for Interference.
14:48 of 2nd period - Tomas Hertl wins face-off versus Patrik Laine in Toronto Maple Leafs zone.
15:03 of 2nd period - Wrist shot by Patrik Laine.
15:03 of 2nd period - Shot Misses the Net.
15:13 of 2nd period - Dylan Larkin is hit by Cody Ceci and loses puck.
15:22 of 2nd period - Slapshot by Brady Skjei.
15:22 of 2nd period - Shot Blocked by Mario Ferraro.
15:24 of 2nd period - Wrist shot by Juraj Slafkovsky.
15:24 of 2nd period - Stopped by Frederik Andersen without a rebound.
15:25 of 2nd period - Patrik Laine wins face-off versus Nick Bjugstad in Toronto Maple Leafs zone.
16:47 of 2nd period - Penalty to Dougie Hamilton is over, Dougie Hamilton is back on ice.
17:20 of 2nd period - Wrist shot by Evgeni Dadonov.
17:20 of 2nd period - Shot Misses the Net.
17:22 of 2nd period - Snap shot by Ethen Frank.
17:22 of 2nd period - Stopped by Frederik Andersen without a rebound.
17:23 of 2nd period - Ethen Frank wins face-off versus Troy Terry in Toronto Maple Leafs zone.
17:26 of 2nd period - Snap shot by Adam Fox.
17:26 of 2nd period - Stopped by Frederik Andersen without a rebound.
17:27 of 2nd period - Sam Bennett wins face-off versus Ethen Frank in Toronto Maple Leafs zone.
18:15 of 2nd period - Snap shot by Ryan Pulock.
18:15 of 2nd period - Deflect By Tomas Hertl.
18:15 of 2nd period - Shot Misses the Net.
18:15 of 2nd period - Puck is out of play.
18:16 of 2nd period - Tomas Hertl wins face-off versus Dylan Larkin in Montreal Canadiens zone.
18:25 of 2nd period - Wrist shot by Tomas Hertl.
18:25 of 2nd period - Stopped by David Rittich without a rebound.
18:26 of 2nd period - Sam Bennett wins face-off versus Dylan Larkin in Montreal Canadiens zone.
18:29 of 2nd period - Snap shot by Sam Bennett.
18:29 of 2nd period - Shot Misses the Net.
19:09 of 2nd period - Slapshot by Vladimir Tarasenko.
19:09 of 2nd period - Stopped by Frederik Andersen with a rebound.
19:11 of 2nd period - Snap shot by Patrik Laine.
19:11 of 2nd period - Stopped by Frederik Andersen with a rebound.
19:57 of 2nd period - Snap shot by Vladimir Tarasenko.
19:57 of 2nd period - Deflect By Dylan Larkin.
19:57 of 2nd period - Stopped by Frederik Andersen without a rebound.
19:58 of 2nd period - Wyatt Johnston wins face-off versus Jake Evans in Toronto Maple Leafs zone.
Goals for this period are 1 for Toronto Maple Leafs vs 0 for Montreal Canadiens.
Shots for this period are 13 for Toronto Maple Leafs vs 10 for Montreal Canadiens.
3rd period
0:01 of 3rd period - Dylan Larkin wins face-off versus Tomas Hertl in neutral zone.
0:06 of 3rd period - Cody Ceci is hit by Adam Fox and loses puck.
0:13 of 3rd period - Dylan Larkin is hit by Brady Tkachuk and loses puck.
0:26 of 3rd period - Cody Ceci is hit by Jake Evans and loses puck.
0:33 of 3rd period - Slapshot by Mario Ferraro.
0:33 of 3rd period - Deflect By Quinton Byfield.
0:33 of 3rd period - Shot Blocked by Jake Evans.
0:33 of 3rd period - Puck is out of play.
0:34 of 3rd period - Wyatt Johnston wins face-off versus Juraj Slafkovsky in Montreal Canadiens zone.
1:05 of 3rd period - Snap shot by Brady Tkachuk.
1:05 of 3rd period - Shot Misses the Net.
1:07 of 3rd period - Slapshot by Ryan Pulock.
1:07 of 3rd period - Shot Blocked by Justin Faulk.
1:09 of 3rd period - Snap shot by Brady Tkachuk.
1:09 of 3rd period - Shot Blocked by Brady Skjei.
1:25 of 3rd period - Wrist shot by Andrew Mangiapane.
1:25 of 3rd period - Shot Hit the Post.
1:27 of 3rd period - Snap shot by Scott Laughton.
1:27 of 3rd period - Shot Misses the Net.
1:29 of 3rd period - Slapshot by Mario Ferraro.
1:29 of 3rd period - Deflect By Scott Laughton.
1:29 of 3rd period - Stopped by David Rittich without a rebound.
1:30 of 3rd period - Jake Evans wins face-off versus Wyatt Johnston in Montreal Canadiens zone.
1:39 of 3rd period - Slapshot by Wyatt Johnston.
1:39 of 3rd period - Shot Misses the Net.
1:41 of 3rd period - Snap shot by Nick Bjugstad.
1:41 of 3rd period - Deflect By Quinton Byfield.
1:41 of 3rd period - Shot Blocked by Damon Severson.
1:41 of 3rd period - Puck is out of play.
1:42 of 3rd period - Tomas Hertl wins face-off versus Jake Evans in Montreal Canadiens zone.
1:57 of 3rd period - Wrist shot by Brady Tkachuk.
1:57 of 3rd period - Stopped by David Rittich with a rebound.
1:59 of 3rd period - Snap shot by Ryan Pulock.
1:59 of 3rd period - Stopped by David Rittich without a rebound.
2:00 of 3rd period - Wyatt Johnston wins face-off versus Dylan Larkin in Montreal Canadiens zone.
2:01 of 3rd period - Snap shot by Nick Bjugstad.
2:01 of 3rd period - Deflect By Wyatt Johnston.
2:01 of 3rd period - Shot Misses the Net.
2:01 of 3rd period - Puck is out of play.
2:02 of 3rd period - Wyatt Johnston wins face-off versus Dylan Larkin in Montreal Canadiens zone.
2:13 of 3rd period - Wrist shot by Vladimir Tarasenko.
2:13 of 3rd period - Deflect By Mario Ferraro.
2:13 of 3rd period - Shot Misses the Net.
2:13 of 3rd period - Puck is out of play.
2:14 of 3rd period - Tomas Hertl wins face-off versus Dylan Larkin in Toronto Maple Leafs zone.
2:41 of 3rd period - Quinton Byfield is hit by Juraj Slafkovsky.
3:05 of 3rd period - Snap shot by Evgeni Dadonov.
3:05 of 3rd period - Stopped by Frederik Andersen without a rebound.
3:06 of 3rd period - Evgeni Dadonov wins face-off versus Tomas Hertl in Toronto Maple Leafs zone.
3:11 of 3rd period - Wrist shot by Teddy Blueger.
3:11 of 3rd period - Deflect By Evgeni Dadonov.
3:11 of 3rd period - Stopped by Frederik Andersen with a rebound.
3:17 of 3rd period - Wrist shot by Evgeni Dadonov.
3:17 of 3rd period - Shot Misses the Net.
3:19 of 3rd period - Slapshot by Alexandre Carrier.
3:19 of 3rd period - Stopped by Frederik Andersen with a rebound.
3:27 of 3rd period - Minor Penalty to Brady Tkachuk for Hooking.
3:28 of 3rd period - Dylan Larkin wins face-off versus Nick Bjugstad in Toronto Maple Leafs zone.
3:49 of 3rd period - Ryan Pulock is hit by Vladimir Tarasenko and loses puck.
5:27 of 3rd period - Penalty to Brady Tkachuk is over, Brady Tkachuk is back on ice.
6:16 of 3rd period - Icing by Sam Bennett.
6:17 of 3rd period - Jake Evans wins face-off versus Wyatt Johnston in Toronto Maple Leafs zone.
6:41 of 3rd period - Minor Penalty to Sean Walker for Hooking.
6:42 of 3rd period - Patrik Laine wins face-off versus Tomas Hertl in Toronto Maple Leafs zone.
6:52 of 3rd period - Wrist shot by Tomas Hertl.
6:52 of 3rd period - Shot Misses the Net.
8:41 of 3rd period - Penalty to Sean Walker is over, Sean Walker is back on ice.
8:43 of 3rd period - Cody Ceci is hit by Evgeni Dadonov and loses puck.
8:58 of 3rd period - Icing by Nick Bjugstad.
8:59 of 3rd period - Teddy Blueger wins face-off versus Tomas Hertl in Toronto Maple Leafs zone.
9:02 of 3rd period - Snap shot by Evgeni Dadonov.
9:02 of 3rd period - Shot Misses the Net.
9:40 of 3rd period - Slapshot by Dougie Hamilton.
9:40 of 3rd period - Stopped by David Rittich with a rebound.
9:42 of 3rd period - Wrist shot by Nino Niederreiter.
9:42 of 3rd period - Shot Blocked by Juraj Slafkovsky.
9:44 of 3rd period - Snap shot by Sean Walker.
9:44 of 3rd period - Deflect By Juraj Slafkovsky.
9:44 of 3rd period - Stopped by David Rittich with a rebound.
9:46 of 3rd period - Snap shot by Nino Niederreiter.
9:46 of 3rd period - Shot Misses the Net.
9:48 of 3rd period - Slapshot by Sean Walker.
9:48 of 3rd period - Stopped by David Rittich with a rebound.
9:50 of 3rd period - Wrist shot by Nino Niederreiter.
9:50 of 3rd period - Stopped by David Rittich with a rebound.
9:56 of 3rd period - Wrist shot by Nicolas Roy.
9:56 of 3rd period - Shot Blocked by Justin Faulk.
9:58 of 3rd period - Slapshot by Sean Walker.
9:58 of 3rd period - Stopped by David Rittich with a rebound.
10:00 of 3rd period - Snap shot by Nicolas Roy.
10:00 of 3rd period - Stopped by David Rittich without a rebound.
10:01 of 3rd period - Troy Terry wins face-off versus Dylan Larkin in Montreal Canadiens zone.
10:04 of 3rd period - Snap shot by Troy Terry.
10:04 of 3rd period - Stopped by David Rittich without a rebound.
10:05 of 3rd period - Patrik Laine wins face-off versus Tomas Hertl in Montreal Canadiens zone.
10:10 of 3rd period - Brady Tkachuk is hit by Patrik Laine and loses puck.
11:00 of 3rd period - Wrist shot by Scott Laughton.
11:00 of 3rd period - Shot Blocked by Evgeni Dadonov.
11:06 of 3rd period - Snap shot by Andrew Mangiapane.
11:06 of 3rd period - Shot Blocked by Damon Severson.
11:44 of 3rd period - Wrist shot by Dylan Larkin.
11:44 of 3rd period - Stopped by Frederik Andersen with a rebound.
12:02 of 3rd period - Snap shot by Vladimir Tarasenko.
12:02 of 3rd period - Stopped by Frederik Andersen with a rebound.
13:11 of 3rd period - Tomas Hertl is hit by Alex Iafallo and loses puck.
13:21 of 3rd period - Icing by Ilya Lyubushkin.
13:22 of 3rd period - Ethen Frank wins face-off versus Wyatt Johnston in Montreal Canadiens zone.
13:22 of 3rd period - Ethen Frank is hit by Cody Ceci.
13:38 of 3rd period - Wrist shot by Dylan Larkin.
13:38 of 3rd period - Shot Misses the Net.
15:05 of 3rd period - Slapshot by Scott Laughton.
15:05 of 3rd period - Shot Misses the Net.
15:11 of 3rd period - Ethen Frank is hit by Ryan Pulock and loses puck.
16:01 of 3rd period - Snap shot by Alex Iafallo.
16:01 of 3rd period - Shot Misses the Net.
16:03 of 3rd period - Wrist shot by Jonatan Berggren.
16:03 of 3rd period - Stopped by Frederik Andersen without a rebound.
16:04 of 3rd period - Sam Bennett wins face-off versus Teddy Blueger in Toronto Maple Leafs zone.
16:13 of 3rd period - Snap shot by Evgeni Dadonov.
16:13 of 3rd period - Shot Misses the Net.
16:16 of 3rd period - Icing by Nicolas Roy.
16:17 of 3rd period - Nicolas Roy wins face-off versus Teddy Blueger in Toronto Maple Leafs zone.
16:32 of 3rd period - Nicolas Roy is hit by Evgeni Dadonov and loses puck.
16:55 of 3rd period - Wrist shot by Juraj Slafkovsky.
16:55 of 3rd period - Shot Blocked by Dougie Hamilton.
17:05 of 3rd period - Brady Skjei is hit by Dougie Hamilton and loses puck.
17:12 of 3rd period - Brady Tkachuk is hit by Justin Faulk and loses puck.
18:54 of 3rd period - Nino Niederreiter is hit by Brady Skjei and loses puck.
18:59 of 3rd period - Wrist shot by Evgeni Dadonov.
18:59 of 3rd period - Shot Blocked by Aaron Ekblad.
19:01 of 3rd period - Slapshot by Brady Skjei.
19:01 of 3rd period - Stopped by Frederik Andersen with a rebound.
Goals for this period are 0 for Toronto Maple Leafs vs 0 for Montreal Canadiens.
Shots for this period are 10 for Toronto Maple Leafs vs 7 for Montreal Canadiens.
Back to the Top